Map: Ulrena

Players

zidar

  • Race: Zerg Zerg
  • League: Silver
  • Spawn Location: 11:00

PunyOne - Winner!

  • Race: Zerg Zerg
  • League: Silver
  • Spawn Location: 7:00

VOD

Have the link to the VOD?

Description

Time

  • Played on: Jan. 15, 2016, 8:31 a.m.
  • Length: 6:07
Show
View Real Time Build Order
Export as new Build Order

zidar Zerg 

Build Orders: Pool Only 

Get SALT Encoding   

  12  0:02  Drone  
  13  0:08  Drone  
  13  0:13  Extractor  
  13  0:14  Drone  
  14  0:34  Spawning Pool  
  13  0:36  Drone  
  14  0:46  Overlord  
  14  0:58  Extractor, Drone  
  15  1:08  Drone  
  16  1:20  Metabolic Boost  
  16  1:22  Queen  
  18  1:30  Zergling x2  
  18  1:31  Zergling x2  
  20  1:35  Zergling x2  
  21  1:44  Overlord  
  21  1:54  Zergling x2  
  22  2:04  Zergling x2  
  23  2:14  Zergling x2  
  24  2:29  Zergling x2  
  25  2:33  Roach Warren  
  24  2:51  Extractor  
  17  3:22  Roach  
  17  3:23  Roach x5  
  28  3:36  Roach  
  30  3:49  Overlord  
  30  4:11  Roach x4  
  38  4:35  Overlord x2  
  38  4:36  Overlord  
  38  4:56  Roach  
  38  4:57  Roach x2  
  42  5:14  Roach  
  42  5:15  Roach x2  
Show
View Real Time Build Order
Export as new Build Order

PunyOne Zerg - Winner!

Build Orders: Pool First 

Get SALT Encoding   

  12  0:01  Drone  
  13  0:09  Drone  
  14  0:37  Spawning Pool  
  13  0:43  Drone  
  13  0:46  Overlord  
  14  0:55  Extractor  
  14  0:56  Drone  
  14  1:12  Drone  
  14  1:13  Drone  
  16  1:25  Queen  
  16  1:26  Spine Crawler  
  16  1:30  Drone  
  16  1:31  Drone  
  16  1:32  Spine Crawler  
  18  1:51  Roach Warren  
  18  1:52  Drone  
  18  1:53  Drone  
  19  2:05  Overlord  
  19  2:15  Drone  
  20  2:35  Roach x5  
  30  3:19  Overlord  
  30  3:36  Overlord  
  30  3:37  Queen  
  34  3:41  Roach  
  34  3:42  Roach x2  
  34  3:48  Hatchery  
  37  3:56  Drone  
  37  3:57  Drone  
  37  4:02  Extractor  
  36  4:27  Lair  
  36  4:32  Evolution Chamber  
  36  4:36  Evolution Chamber  
  34  4:57  Roach x6  
  40  5:11  Roach  
  40  5:12  Roach x3  
  48  5:30  Roach x2  
  52  5:51  Drone x2  
  52  5:52  Drone  
Tags
 
Matchup
ZvZ
Race
Zerg
Spawn Locations
Close Positions
Add a new tag
Caveats
  • Supply blocks, unpowered buildings, or Contaminate may cause inaccurate times.
  • Supply counts are checked every 10 seconds.